 Dungeon Crawl Stone Soup version 0.23-a0-375-g66a18ee (webtiles) character file.

51884 Heh the Carver (level 14, -1/105 HPs)
             Began as a Demonspawn Gladiator on Oct 27, 2018.
             Was the Champion of Okawaru.
             Slain by a troll simulacrum (15 damage)
             ... in an ice cave.
             The game lasted 00:54:02 (18633 turns).

Heh the Carver (Demonspawn Gladiator)              Turns: 18633, Time: 00:54:04

Health: -1/105     AC: 12    Str: 22    XL:     14   Next: 25%
Magic:  0/19       EV: 17    Int: 21    God:    Okawaru [******]
Gold:   156        SH:  0    Dex: 15    Spells: 3/15 levels left

rFire    + . .     SeeInvis .   p - +2 triple sword (drain)
rCold    . . .     Gourm    .   (shield currently unavailable)
rNeg     + . .     Faith    .   M - +1 robe "Race" {Str+9 Int+4 Dex-3}
rPois    .         Spirit   +   c - +2 helmet
rElec    .         Reflect  .   Y - scarf {cloud immunity}
rCorr    .         Harm     .   A - +2 pair of gloves {Dex+3}
MR       +....     Clarity  +   (boots unavailable)
Stlth    ++........             (no amulet)
HPRegen  0.67/turn              h - +3 ring of intelligence
MPRegen  0.32/turn              N - ring of fire

@: very slightly contaminated
A: hooves 3, slimy green scales 2, clarity, cold resistance 1, negative energy
resistance 1, regeneration 1, spiny 1, weak 1, magic shield, magic regeneration
a: Heroism, Finesse, Renounce Religion


You were in an ice cave.
You worshipped Okawaru.
Okawaru was exalted by your worship.
You were not hungry.

You visited 3 branches of the dungeon, and saw 19 of its levels.
You also visited: Labyrinth, Ossuary and Ice Cave.

You collected 1151 gold pieces.
You spent 995 gold pieces at shops.

Inventory:

Hand Weapons
 a - the +8 flail of Soaxusme {freeze, *Rage rElec Int+4 Dex+4, unknown}
   (You found it on level 6 of the Lair of Beasts)

   It has been specially enchanted to freeze those struck by it, causing extra
   injury to most foes and up to half again as much damage against particularly
   susceptible opponents.
   It can also slow down cold-blooded creatures.
   It affects your intelligence (+4).
   It affects your dexterity (+4).
   It insulates you from electricity.
   It may make you go berserk in combat.
 p - a +2 triple sword of draining (weapon)
 S - a +2 demon blade of chaos
Missiles
 d - 4 throwing nets (quivered)
 v - 10 silver javelins
Armour
 c - a +2 helmet (worn)
 A - a +2 pair of gloves of dexterity (worn)
 F - +0 steam dragon scales
 H - a +6 scale mail of magic resistance
 M - the +1 robe "Race" (worn) {Str+9 Int+4 Dex-3}
   (You found it on level 9 of the Dungeon)

   It affects your strength (+9).
   It affects your intelligence (+4).
   It affects your dexterity (-3).
 T - a +2 hat of see invisible
 V - a +0 cloak
 W - the +0 ring mail "Deash" {+Fly MP+9 Int+4}
   (You found it in a labyrinth)

   It affects your intelligence (+4).
   It affects your magic capacity (+9).
   It lets you fly.
 Y - a scarf of cloud immunity (worn)
Magical Staves
 X - an uncursed staff of energy
Jewellery
 h - a +3 ring of intelligence (left hand)
 l - an uncursed ring of stealth
 E - a +4 ring of dexterity
 I - an uncursed ring of positive energy
 L - an uncursed ring of poison resistance
 N - a ring of fire (right hand)
 O - the ring of Res Nullius {Ice rN+ MR+ Str+4}
   (You found it in a labyrinth)

   [ring of ice]

   It enhances your ice magic.
   It affects your strength (+4).
   It makes you vulnerable to fire.
   It protects you from cold.
   It protects you from negative energy.
   It affects your resistance to hostile enchantments.
 Q - the ring "Vealiblou" {MR+ Str+4}
   (You found it in a labyrinth)

   [ring of strength]

   It affects your strength (+4).
   It affects your resistance to hostile enchantments.
Wands
 q - a wand of polymorph (17)
 y - a wand of digging (17)
 C - a wand of iceblast (2)
 G - a wand of enslavement (41)
 K - a wand of paralysis (7)
 R - a wand of flame (59)
Scrolls
 b - 2 scrolls of identify
 e - 8 scrolls of amnesia
 i - 6 scrolls of remove curse
 k - 7 scrolls of teleportation
 t - 4 scrolls of immolation
 Z - 5 scrolls of magic mapping
Potions
 j - 3 potions of might
 m - 2 potions of flight
 n - a potion of brilliance
 r - 2 potions of curing
 s - 4 potions of haste
 w - 3 potions of resistance
 x - 3 potions of lignification
 B - a potion of cancellation
 J - 2 potions of agility
 U - 2 potions of berserk rage
Comestibles
 f - 26 rations


   Skills:
 - Level 8.0 Fighting
 * Level 14.6 Long Blades
 - Level 2.0 Throwing
 - Level 5.0 Armour
 - Level 8.0 Dodging
 - Level 2.0 Stealth
 - Level 1.0 Spellcasting
 * Level 7.2 Conjurations
 - Level 5.0 Charms
 * Level 6.5 Fire Magic
 * Level 6.5 Earth Magic
 - Level 7.1 Invocations


You had 3 spell levels left.
You knew the following spells:

 Your Spells              Type           Power        Failure   Level  Hunger
a - Shroud of Golubria    Chrm/Tloc      ##........   9%          2    ###....
b - Song of Slaying       Chrm           ###.....     3%          2    ###....
c - Regeneration          Chrm/Necr      ##........   17%         3    ####...
d - Bolt of Magma         Conj/Fire/Erth #####.....   28%         5    ######.

Your spell library contained the following spells:

 Spells                   Type           Power        Failure   Level  Hunger
 Passwall                 Tmut/Erth      ##......     6%          2    ###....
 Pain                     Necr           #...         16%         1    ##.....
 Spectral Weapon          Hex/Chrm       ##......     17%         3    ####...
 Iskenderun's Battlesphe  Conj/Chrm      ####....     36%         5    ######.
 Bolt of Draining         Conj/Necr      ###.......   71%         5    ######.
 Venom Bolt               Conj/Pois      ###.......   71%         5    ######.
 Iron Shot                Conj/Erth      ####......   82%         6    #######
 Excruciating Wounds      Chrm/Necr      ##........   85%         5    ######.
 Blade Hands              Tmut           #.........   99%         5    ######.
 Dragon Form              Tmut           #.........   100%        7    #######
 Orb of Destruction       Conj           ####......   100%        7    #######
 Spellforged Servitor     Conj/Summ      ###.......   100%        7    #######


Dungeon Overview and Level Annotations

Branches:
Dungeon (12/15)            Temple (1/1) D:5            Lair (6/6) D:8
 Shoals (0/4) Lair:4       Spider (0/4) Lair:2        Slime (0/5) Lair:5
    Orc (0/2) D:11

Altars:
Ashenzari
Cheibriados
Dithmenos
Elyvilon
Fedhas
Gozag
Hepliaklqana
Kikubaaqudgha
Makhleb
Nemelex Xobeh
Okawaru
Qazlal
Ru
Sif Muna
Trog
Vehumet
Xom
Yredelemnul
Zin
The Shining One
Jiyva

Shops:
D:5 [   D:6 }   D:10 ?

Annotations:
D:11 Sonja
Lair:4 exclusion: oklob plant


Innate Abilities, Weirdness & Mutations

You have hooves in place of feet.
You are mostly covered in slimy green scales. (AC +3)
You resist negative energy. (rN+)
You are partially covered in sharp spines.
When hurt, damage is shared between your health and your magic reserves.
You regenerate magic rapidly.
You possess an exceptional clarity of mind.
Your flesh is cold resistant. (rC+)
Your natural rate of healing is unusually fast.
You are weak. (Str -2)


Message History

The naga simulacrum vapourises!
Okawaru accepts your kill.
The necromancer mumbles some strange words.
The necromancer binds the souls of nearby monsters.
You barely miss the necromancer. You kick the necromancer!
The necromancer is moderately wounded.
The troll simulacrum bites you! The troll simulacrum freezes you!!
* * * LOW HITPOINT WARNING * * *
The troll simulacrum barely misses you.
The troll simulacrum claws you but does no damage.
The necromancer zaps a wand.
The bolt of acid misses you.
Okay, then.
The necromancer casts a spell.
The necromancer flickers and vanishes!
Deactivating autopickup; reactivate with Ctrl-A.
The troll simulacrum is struck by your spines.
The troll simulacrum bites you.
* * * LOW HITPOINT WARNING * * *
The troll simulacrum freezes you!!
You die...

#### #..## ###...##
##.@....# ###..Z.##..#
##....{## ..# #.....Z#
..# ..... ##......# ..+
..... #..#....# ..#
Z..._. ##.##....# ..#
Z5....
##..##......######8.....
#..####....###..#Z......


You could see 2 troll simulacra.

Vanquished Creatures
  Gastronok (D:11)
  A minotaur (Lab)
  The ghost of Eneschur the Blocker, a journeyman GnFi of Okawaru (Lair:5)
  The ghost of Rodduuha the Spear-Bearer, a journeyman DrSu of Sif Muna (Lair:4)
  2 catoblepae (Lair:5)
  5 hydras
  A two-headed ogre (D:9)
  A dancing weapon (Lair:5)
  An unseen horror (D:11)
  A wolf spider (Lair:2)
  An ugly thing (D:11)
  2 manticores
  Joseph (D:10)
  10 elephants
  A merfolk siren (Lair:4)
  4 black mambas
  An ice statue (IceCv)
  Maurice (D:11)
  10 spiny frogs
  2 rime drakes
  A kobold demonologist (D:11)
  4 komodo dragons
  10 freezing wraiths (IceCv)
  A komodo dragon (shapeshifter) (Lair:5)
  5 polar bears
  2 trolls
  A jumping spider (Lair:2)
  A hornet (D:8)
  Grinder (D:6)
  A wolf spider simulacrum (IceCv)
  5 hippogriffs
  7 blink frogs (Lair:5)
  A dream sheep (Lair:6)
  2 redbacks (Lair:2)
  2 shadows (Lab)
  A spriggan (D:7)
  44 yaks
  2 wyverns
  7 basilisks
  2 steam dragons (D:11)
  2 hungry ghosts
  An acid dragon (D:11)
  25 water moccasins
  7 porcupines
  Duvessa (D:6)
  9 ice beasts
  7 black bears (Lair:3)
  7 orc warriors
  A necrophage (D:9)
  7 ogres
  The ghost of Tiktacy the Charlatan, an amateur DsAr (D:4)
  3 centaurs
  14 crocodiles
  2 elf zombies (Ossuary)
  17 bullfrogs
  A gnoll sergeant (D:7)
  3 scorpions
  Dowan (D:6)
  6 killer bees (D:8)
  4 wights
  6 howler monkeys
  5 crimson imps
  3 centaur zombies
  4 draconian simulacra (IceCv)
  A hound (D:6)
  7 orc priests
  6 jellies
  A human zombie (Ossuary)
  11 orc wizards
  A bullfrog skeleton (D:9)
  4 centaur skeletons
  Crazy Yiuf (D:5)
  3 iguanas
  6 hell rats (Lair:6)
  2 spriggan simulacra (IceCv)
  5 worker ants
  4 troll simulacra (IceCv)
  3 polar bear simulacra (IceCv)
  A big kobold zombie (Ossuary)
  3 centaur simulacra (IceCv)
  A hound zombie (D:6)
  A hound skeleton (D:6)
  2 mummies (Ossuary)
  A worker ant zombie (D:7)
  A howler monkey skeleton (D:4)
  31 adders
  2 naga simulacra (IceCv)
  An ogre simulacrum (IceCv)
  A shadow imp (D:4)
  24 white imps
  2 oozes (Lair:5)
  2 adder skeletons
  An adder zombie (Ossuary)
  7 worms
  A dart slug (D:1)
  5 leopard geckos
  58 orcs
  7 giant cockroaches
  9 goblins
  9 hobgoblins
  4 jackals
  5 quokkas
  4 bats
  2 frilled lizards
  3 goblin zombies
  11 hobgoblin zombies (Ossuary)
  A jackal skeleton (D:4)
  A jackal zombie (Ossuary)
  4 kobolds
  5 kobold zombies (Ossuary)
  10 orc zombies (Ossuary)
  5 rats
  A rat zombie (D:6)
  A fire vortex (IceCv)
567 creatures vanquished.

Vanquished Creatures (others)
  A manticore (Lair:5)
  An ogre simulacrum (IceCv)
  A fire vortex (IceCv)
  10 fungi
  5 plants
18 creatures vanquished.

Grand Total: 585 creatures vanquished

Notes
Turn   | Place    | Note
-------+----------+-------------------------------------------
     0 | D:1      | Heh the Demonspawn Gladiator began the quest for the Orb.
     0 | D:1      | Reached XP level 1. HP: 16/16 MP: 1/1
   281 | D:1      | Gained mutation: When hurt, damage is shared between your
                  | health and your magic reserves. [demonic ancestry]
   281 | D:1      | Reached XP level 2. HP: 18/22 MP: 2/2
   468 | D:1      | Reached skill level 3 in Long Blades
   707 | D:2      | Found a white marble altar of Elyvilon.
   745 | D:2      | Gained mutation: You have large cloven feet. [demonic
                  | ancestry]
   745 | D:2      | Reached XP level 3. HP: 26/27 MP: 3/3
   863 | D:2      | Reached skill level 1 in Stealth
   894 | D:2      | Found a sparkling altar of Nemelex Xobeh.
  1275 | D:3      | Reached XP level 4. HP: 20/34 MP: 4/4
  1539 | D:3      | Gained mutation: You are partially covered in sharp spines.
                  | [demonic ancestry]
  1539 | D:3      | Reached XP level 5. HP: 19/40 MP: 2/5
  1579 | D:3      | Reached skill level 4 in Long Blades
  2438 | D:3      | Found a burning altar of Makhleb.
  2545 | D:4      | Found a radiant altar of Vehumet.
  2656 | D:4      | Found a runed door.
  2716 | D:4      | Gained mutation: You are partially covered in slimy green
                  | scales. (AC +2) [demonic ancestry]
  2716 | D:4      | Reached XP level 6. HP: 40/47 MP: 4/6
  2883 | D:4      | Noticed Tiktacy's ghost (amateur DsAr)
  2974 | D:4      | Reached skill level 5 in Long Blades
  3164 | D:4      | Found a stormy altar of Qazlal.
  3164 | D:4      | Found a glowing silver altar of Zin.
  3248 | D:4      | Killed Tiktacy's ghost
  3248 | D:4      | Reached XP level 7. HP: 35/53 MP: 4/7
  3394 | D:5      | Entered Level 5 of the Dungeon
  3406 | D:5      | Found Ucesat's Armour Boutique.
  3420 | D:5      | Found a staircase to the Ecumenical Temple.
  3443 | Temple   | Entered the Ecumenical Temple
  3706 | Temple   | Became a worshipper of Warmaster Okawaru
  4291 | D:5      | Found a runed door.
  4360 | D:5      | Reached skill level 6 in Long Blades
  4575 | D:5      | Noticed Crazy Yiuf
  4581 | D:5      | Killed Crazy Yiuf
  4719 | D:6      | Reached * piety under Okawaru
  4737 | D:6      | Reached XP level 8. HP: 60/61 MP: 6/8
  4742 | D:6      | Found a sand-covered staircase.
  4758 | Ossuary  | Entered an ossuary
  4879 | Ossuary  | Reached skill level 5 in Dodging
  4879 | Ossuary  | Reached skill level 1 in Invocations
  4885 | Ossuary  | Reached skill level 5 in Fighting
  5099 | D:6      | Noticed Dowan
  5101 | D:6      | Noticed Duvessa
  5104 | D:6      | Killed Dowan
  5104 | D:6      | Reached skill level 7 in Long Blades
  5118 | D:6      | Killed Duvessa
  5135 | D:6      | HP: 3/62 [ogre/+0 giant club (10)]
  5137 | D:6      | Reached ** piety under Okawaru
  5137 | D:6      | Reached skill level 1 in Armour
  5137 | D:6      | Reached skill level 1 in Spellcasting
  5366 | D:6      | Found Lajoli's Gadget Shoppe.
  5475 | D:6      | Noticed Grinder
  5499 | D:6      | Killed Grinder
  5499 | D:6      | Gained mutation: You have hoof-like feet. [demonic
                  | ancestry]
  5499 | D:6      | Reached XP level 9. HP: 56/69 MP: 7/10
  6218 | D:7      | Reached skill level 8 in Long Blades
  6291 | D:7      | Reached *** piety under Okawaru
  6482 | D:7      | Found a shimmering altar of Xom.
  6617 | D:5      | Bought a +4 scale mail of magic resistance for 341 gold
                  | pieces
  6876 | D:8      | Reached **** piety under Okawaru
  6876 | D:8      | Reached skill level 9 in Long Blades
  6954 | D:9      | Gained mutation: You have hooves in place of feet. [demonic
                  | ancestry]
  6954 | D:9      | Reached XP level 10. HP: 20/77 MP: 5/11
  7363 | D:9      | Noticed a two-headed ogre
  7370 | D:9      | Killed a two-headed ogre
  7375 | D:9      | Got a tattered robe
  7394 | D:9      | Identified the +1 robe "Race" {Str+9 Int+4 Dex-3} (You
                  | found it on level 9 of the Dungeon)
  7486 | D:9      | Found a shimmering altar of Xom.
  7675 | D:9      | Reached ***** piety under Okawaru
  7989 | D:10     | Entered Level 10 of the Dungeon
  8098 | D:10     | Gained mutation: Your natural rate of healing is unusually
                  | fast. [potion of mutation]
  8098 | D:10     | Gained mutation: Your flesh is cold resistant. (rC+)
                  | [potion of mutation]
  8098 | D:10     | Gained mutation: You are weak. (Str -2) [potion of
                  | mutation]
  8098 | D:10     | Gained mutation: You possess an exceptional clarity of
                  | mind. [potion of mutation]
  8101 | D:10     | Noticed Joseph
  8113 | D:10     | Killed Joseph
  8113 | D:10     | Reached skill level 10 in Long Blades
  8159 | D:10     | Found Yskuiphank's Magic Scroll Emporium.
  8166 | D:10     | Bought a scroll of enchant armour for 82 gold pieces
  8566 | D:8      | Paralysed by a hornet for 1 turns
  8589 | D:8      | Reached skill level 5 in Armour
  8644 | D:8      | Found a stormy altar of Qazlal.
  8722 | D:8      | Received a gift from Okawaru
  8867 | D:8      | Found a staircase to the Lair.
  9430 | Lair:1   | Entered Level 1 of the Lair of Beasts
  9464 | Lair:1   | Reached XP level 11. HP: 82/85 MP: 13/13
  9539 | Lair:1   | Found a labyrinth entrance.
  9664 | Lab      | Entered a labyrinth
 10136 | Lab      | Reached skill level 5 in Invocations
 10143 | Lab      | Reached skill level 11 in Long Blades
 10240 | Lab      | Noticed a minotaur
 10254 | Lab      | Killed a minotaur
 10261 | Lab      | Identified the Incunabulum of Shape Shifting and Evil
 10261 | Lab      | Identified Qiatzann's Guide on Protection
 10262 | Lab      | Got a clouded silver ring
 10262 | Lab      | Got a bound granite ring
 10263 | Lab      | Got an ivory war axe
 10263 | Lab      | Got a spiked plate armour
 10263 | Lab      | Got a spiked ring mail
 10376 | Lair:1   | Identified the ring of Res Nullius {Ice rN+ MR+ Str+4} (You
                  | found it in a labyrinth)
 10418 | Lair:1   | Received a gift from Okawaru
 10467 | Lair:1   | Identified the cursed +0 plate armour of Beoc {rN+} (You
                  | found it in a labyrinth)
 10478 | Lair:1   | Identified the cursed +0 ring mail "Deash" {+Fly MP+9
                  | Int+4} (You found it in a labyrinth)
 10502 | Lair:1   | Learned a level 2 spell: Shroud of Golubria
 10511 | Lair:1   | Learned a level 2 spell: Song of Slaying
 10515 | Lair:1   | Learned a level 3 spell: Regeneration
 10749 | Lair:1   | Reached skill level 12 in Long Blades
 10866 | Lair:1   | Identified the ring "Vealiblou" {MR+ Str+4} (You found it
                  | in a labyrinth)
 11014 | Lair:1   | Learned a level 5 spell: Bolt of Magma
 11089 | Lair:1   | Identified the +6 war axe of the Wolf {antimagic, Int+5}
                  | (You found it in a labyrinth)
 11209 | Lair:2   | Reached skill level 1 in Conjurations
 11210 | Lair:2   | Reached skill level 1 in Fire Magic
 11210 | Lair:2   | Reached skill level 1 in Earth Magic
 11479 | Lair:2   | Noticed an eight-headed hydra
 11484 | Lair:2   | Killed a nine-headed hydra
 11484 | Lair:2   | Gained mutation: You are mostly covered in slimy green
                  | scales. (AC +3) [demonic ancestry]
 11484 | Lair:2   | Reached XP level 12. HP: 54/92 MP: 10/17
 11725 | Lair:2   | Found a hole to the Spider Nest.
 12305 | Lair:3   | Reached skill level 1 in Charms
 12321 | Lair:3   | Identified the Handbook of Boosting Transmutation
 12324 | Lair:3   | Got a dazzling plate armour
 12335 | Lair:3   | Identified the +3 plate armour of Honesty {rN+ Int+3} (You
                  | found it on level 3 of the Lair of Beasts)
 12448 | Lair:3   | Received a gift from Okawaru
 12511 | Lair:3   | Reached ****** piety under Okawaru
 12585 | Lair:3   | Received a gift from Okawaru
 12589 | Lair:3   | Reached skill level 13 in Long Blades
 12647 | Lair:3   | Received a gift from Okawaru
 12933 | Lair:3   | Noticed a seven-headed hydra
 12946 | Lair:3   | Killed a seven-headed hydra
 13479 | Lair:4   | Noticed a six-headed hydra
 13486 | Lair:4   | Killed a six-headed hydra
 13486 | Lair:4   | Gained mutation: You regenerate magic rapidly. [demonic
                  | ancestry]
 13486 | Lair:4   | Reached XP level 13. HP: 70/98 MP: 9/18
 13491 | Lair:4   | Found a staircase to the Shoals.
 13725 | Lair:4   | Reached skill level 5 in Conjurations
 13977 | Lair:4   | Found a runed gate.
 13977 | Lair:4   | Found a runed gate.
 13977 | Lair:4   | Found a runed gate.
 13986 | Lair:4   | Noticed Rodduuha's ghost (journeyman DrSu)
 14889 | Lair:4   | Killed Rodduuha's ghost
 15047 | Lair:5   | Reached skill level 5 in Earth Magic
 15053 | Lair:5   | Reached skill level 5 in Fire Magic
 15199 | Lair:5   | Received a gift from Okawaru
 15223 | Lair:5   | Found a runed door.
 15223 | Lair:5   | Found a shimmering altar of Xom.
 15223 | Lair:5   | Noticed Eneschur's ghost (journeyman GnFi)
 15253 | Lair:5   | Killed Eneschur's ghost
 15291 | Lair:5   | Reached skill level 14 in Long Blades
 15615 | Lair:5   | Found a runed door.
 15616 | Lair:5   | Found a viscous altar of Jiyva.
 15618 | Lair:5   | Found a staircase to the Slime Pits.
 16189 | D:10     | Bought a scroll of acquirement for 572 gold pieces
 16363 | D:11     | Noticed Maurice
 16375 | D:11     | Killed Maurice
 16412 | D:11     | Reached skill level 5 in Charms
 16428 | D:11     | Found a staircase to the Orcish Mines.
 16551 | D:11     | Noticed Sonja
 16898 | D:11     | Noticed Gastronok
 16909 | D:11     | Killed Gastronok
 17407 | Lair:6   | Entered Level 6 of the Lair of Beasts
 17422 | Lair:6   | Gained mutation: You resist negative energy. (rN+) [demonic
                  | ancestry]
 17422 | Lair:6   | Reached XP level 14. HP: 99/105 MP: 16/19
 17433 | Lair:6   | Found a frozen archway.
 17447 | Lair:6   | Received a gift from Okawaru
 17534 | Lair:6   | Got an ancient flail
 17543 | IceCv    | Entered an ice cave
 18055 | IceCv    | Found an ancient bone altar of Kikubaaqudgha.
 18163 | IceCv    | HP: 4/105 [freezing wraith (7)]
 18633 | IceCv    | Slain by a troll simulacrum

Vault maps used:
D:1:      minmay_arrival_stair_chambers, minmay_misc_feat_secret_circle,
          minivault_4
D:2:      nemelex_xobeh_ov_fountains_minmay, elyvilon_altar_5
D:3:      nicolae_overflow_hidden_temple, grunt_ministairs_10, corexii_shack
D:4:      amethyst_overflow_temple_binary, fiery_altar_vehumet, first_ration,
          ebering_ghost_sewer_d, kennysheep_small_spiral
D:5:      minmay_temple_entry_junction_2, serial_shops, shop,
          uniq_crazy_yiuf_cottage
D:6:      serial_shops, kennysheep_mini, enter_ossuary_4, uniq_grinder,
          uniq_duvessa
D:7:      brannock_xom_greatest_gift, the_bakery, st_stairs_9
D:8:      lair_entry_dummy, basic_altar
D:9:      basic_altar
D:10:     serial_shops, shop, minmay_sticks_and_stones
D:11:     hiddenorc2_lemuel, serial_glass, glass_columns_b, glass_columns_c,
          glass_columns_a, glass_columns_a, glass_columns_c, glass_columns_c,
          uniq_sonja, uniq_gastronok, uniq_maurice
D:12:     st_stairs_5, ice2_lemuel
Temple:   oiseaux_autumnal_temple
Lair:1:   lemuel_reptile_caves, lab_entry_generic, grunt_megastairs_5,
          lemuel_fruit_tree
Lair:2:   spider_nest_entry_funnel_web, grunt_megastairs_3
Lair:3:   beast_lair_carwin_large_1, minivault_23, grunt_megastairs_2
Lair:4:   minmay_shoals_entry_lonely_mermaid, ebering_ghost_rock_garden,
          minmay_holes, st_stairs_12, uniq_urug
Lair:5:   nzn_motion_control, slime_altar_2, ebering_ghost_xom,
          infiniplex_staircase_pool_2
Lair:6:   evil_forest, portal_ice_cave_entry_imps, lemuel_fruit_fields
Lab:      labyrinth_mini_lab, nicolae_lab_arrow, nicolae_lab_very_dead_end,
          nicolae_lab_x, nicolae_lab_starburst, nicolae_lab_garden
Ossuary:  ossuary_tomb_1
IceCv:    ice_cave_small_necro

Skill      XL: |  1  2  3  4  5  6  7  8  9 10 11 12 13 14 |
---------------+-------------------------------------------+-----
Throwing       | 2 |  2.0
Long Blades    | 3 4 5 6 7 9 10 12 13 14 | 14.6
Dodging        | 3 4 5 6 7 8 |  8.0
Stealth        | 1 2 |  2.0
Fighting       | 3 4 5 6 8 |  8.0
Invocations    | 2 3 7 |  7.1
Armour         | 1 3 5 |  5.0
Spellcasting   | 1 |  1.0
Conjurations   | 2 4 6 7 |  7.2
Fire Magic     | 1 4 5 6 |  6.5
Earth Magic    | 1 4 5 6 |  6.5
Charms         | 3 5 |  5.0

Action                   |  1- 3 |  4- 6 |  7- 9 | 10-12 | 13-15 || total
-------------------------+-------+-------+-------+-------+-------++-------
Melee: Long sword        |    90 |   134 |   296 |       |       ||   520
       Kick              |    13 |    44 |   137 |   180 |   180 ||   554
       Great sword       |       |       |    29 |    82 |       ||   111
       Triple sword      |       |       |       |   295 |   370 ||   665
       Demon blade       |       |       |       |       |    32 ||    32
 Cast: Bolt of Magma     |       |       |       |       |    16 ||    16
       Shroud of Golubri |       |       |       |       |     2 ||     2
Invok: Heroism           |       |       |       |     2 |     1 ||     3
       Finesse           |       |       |       |       |     1 ||     1
Evoke: Wand              |       |       |     1 |    14 |     4 ||    19
  Use: Scroll            |       |     5 |     4 |    14 |    10 ||    33
       Potion            |       |       |     1 |     6 |     3 ||    10
 Stab: Distracted        |     1 |       |       |       |       ||     1
       Petrified         |       |       |       |       |     2 ||     2
  Eat: Chunk             |     1 |     5 |     4 |     9 |     3 ||    22
       Ration            |       |     1 |     2 |     5 |     6 ||    14
Armor: Leather armour    |     2 |       |       |       |       ||     2
       Ring mail         |    30 |    50 |    84 |       |       ||   164
       Scale mail        |       |       |    22 |   262 |   184 ||   468
       Robe              |       |       |       |       |    99 ||    99
Dodge: Dodged            |    74 |    82 |   240 |   362 |   373 ||  1131
       Rpst.: Long sword |    33 |    25 |    64 |       |       ||   122
       Great sword       |       |       |    12 |    19 |       ||    31
       Triple sword      |       |       |       |    75 |    76 ||   151
       Demon blade       |       |       |       |       |     4 ||     4

Table legend:
 A = Non-vault XP
 B = Vault XP
 C = Vault XP percentage of total XP
 D = Non-vault monster count
 E = Vault monster count
 F = Vault count percentage of total count
                 A         B        C        D         E       F
            +---------+---------+-------+---------+---------+-------
      Total |   44358 |   29763 |  40.2 |     339 |     228 |  40.2
            +---------+---------+-------+---------+---------+-------
        D:1 |      31 |       0 |   0.0 |      17 |       0 |   0.0
        D:2 |      54 |       0 |   0.0 |      18 |       0 |   0.0
        D:3 |     241 |      16 |   6.2 |      28 |       6 |  17.6
        D:4 |     279 |     137 |  32.9 |      11 |       3 |  21.4
        D:5 |     423 |      36 |   7.8 |      10 |       1 |   9.1
        D:6 |     950 |     483 |  33.7 |      19 |       5 |  20.8
        D:7 |    1112 |     351 |  24.0 |      25 |       3 |  10.7
        D:8 |    2089 |       0 |   0.0 |      36 |       0 |   0.0
        D:9 |    2812 |       0 |   0.0 |      25 |       0 |   0.0
       D:10 |     232 |     486 |  67.7 |       6 |       1 |  14.3
       D:11 |    3725 |    3316 |  47.1 |      19 |      33 |  63.5
       D:12 |      13 |       0 |   0.0 |       1 |       0 |   0.0
     Lair:1 |    3415 |    3408 |  49.9 |      19 |      33 |  63.5
     Lair:2 |    3596 |    1885 |  34.4 |      14 |       7 |  33.3
     Lair:3 |    6545 |    3644 |  35.8 |      20 |      18 |  47.4
     Lair:4 |    6808 |    1821 |  21.1 |      24 |       3 |  11.1
     Lair:5 |    8445 |    5088 |  37.6 |      33 |       8 |  19.5
     Lair:6 |    3588 |     371 |   9.4 |      14 |      13 |  48.1
        Lab |       0 |    2494 | 100.0 |       0 |       7 | 100.0
    Ossuary |       0 |     432 | 100.0 |       0 |      38 | 100.0
      IceCv |       0 |    5795 | 100.0 |       0 |      49 | 100.0
            +---------+---------+-------+---------+---------+-------
